 Dungeon Crawl Stone Soup version 0.30.0-5-g1a98f26d00 (webtiles) character file.

Game seed: 1879504596069771598

132685 browni3141 the Demon Slayer (level 17, -8/201 HPs)
             Began as an Ogre Delver on May 10, 2023.
             Was a High Priest of the Shining One.
             Killed from afar by a naga mage (25 damage)
             ... with a bolt of poison
             ... on level 3 of the Snake Pit.
             The game lasted 01:33:09 (35899 turns).

browni3141 the Demon Slayer (Ogre Delver)          Turns: 35899, Time: 01:33:09

Health: -8/201     AC: 10    Str: 26    XL:     17   Next: 13%
Magic:  31/31      EV:  4    Int: 11    God:    the Shining One [*****.]
Gold:   706        SH: 13    Dex: 10    Spells: 16/16 levels left

rFire   . . .        a - +8 morningstar (flame)
rCold   . . .        N - +0 tower shield
rNeg    + + .        f - +0 troll leather armour
rPois   .            (helmet restricted)
rElec   .            z - +0 cloak
rCorr   .            (gloves unavailable)
SInv    .            (boots unavailable)
Will    ++...        U - amulet of regeneration
Stlth   +            W - ring of willpower
HPRegen 2.13/turn    u - +4 ring of protection
MPRegen 0.22/turn

%: no passive effects
@: lethally poisoned (-8 -> -13), glowing, constricted
A: large, unfitting armour, tough skin 1
a: Renounce Religion, Divine Shield, Cleansing Flame, Summon Divine Warrior


You were on level 3 of the Snake Pit.
You worshipped the Shining One.
The Shining One was extremely pleased with you.
You visited 5 branches of the dungeon, and saw 27 of its levels.
You also visited: Sewer, Ossuary and Volcano.

You collected 2250 gold pieces.
You spent 1544 gold pieces at shops.

Inventory:

Hand Weapons
 a - a +8 morningstar of flaming (weapon)
Missiles
 v - 2 atropa-tipped darts (quivered)
 A - 14 poisoned darts
 J - 4 javelins
 T - 3 boomerangs
 Z - 5 throwing nets
Armour
 b - a +2 robe of willpower
 f - a +0 troll leather armour (worn)
 z - a +0 cloak (worn)
 N - a +0 tower shield (worn)
Jewellery
 u - a +4 ring of protection (right hand)
 w - a ring of flight
 R - a ring of protection from cold
 U - an amulet of regeneration (around neck)
 W - a ring of willpower (left hand)
Wands
 g - a wand of digging (11)
 j - a wand of charming (18)
 p - a wand of polymorph (6)
 r - a wand of roots (3)
 P - a wand of quicksilver (3)
 V - a wand of flame (55)
Scrolls
 d - 7 scrolls of magic mapping
 e - 4 scrolls of poison
 l - a scroll of amnesia
 q - 6 scrolls of enchant armour
 s - 5 scrolls of vulnerability
 x - 6 scrolls of immolation
 B - 3 scrolls of torment
 D - 3 scrolls of fog
 G - 15 scrolls of teleportation
 K - 5 scrolls of noise
 O - 2 scrolls of silence
 X - 4 scrolls of fear
Potions
 c - 4 potions of cancellation
 h - 5 potions of haste
 i - a potion of invisibility
 k - 3 potions of attraction
 m - 3 potions of magic
 o - 2 potions of brilliance
 t - 2 potions of berserk rage
 C - 6 potions of curing
 E - 5 potions of degeneration
 F - 4 potions of flight
 H - 6 potions of heal wounds
 I - 4 potions of resistance
 L - 4 potions of lignification
 M - 2 potions of might
 Q - 6 potions of mutation
 Y - 2 potions of ambrosia


   Skills:
 - Level 20.2 Fighting
 - Level 14.0 Maces & Flails
 + Level 8.3 Throwing
 - Level 1.7 Dodging
 - Level 3.7 Stealth
 * Level 6.2 Shields
 * Level 20.4 Invocations


You had 16 spell levels left.
You didn't know any spells.
Your spell library contained the following spells:

 Spells                   Type           Power      Damage    Failure   Level
 Freeze                   Ice            0%         1d3       86%         1
 Summon Small Mammal      Summ           0%         N/A       86%         1
 Cigotuvi's Dreadful Rot  Necr/Pois/Air  0%         N/A       95%         2
 Call Canine Familiar     Summ           0%         N/A       99%         3
 Frozen Ramparts          Ice            0%         1d1       99%         3
 Hailstorm                Conj/Ice       0%         3d3       99%         3
 Ignite Poison            Fire/Tmut/Pois 0%         N/A       99%         3
 Inner Flame              Hex/Fire       0%         N/A       99%         3
 Ozocubu's Armour         Ice            0%         N/A       99%         3
 Portal Projectile        Hex/Tloc       0%         N/A       99%         3
 Summon Guardian Golem    Hex/Summ       0%         N/A       99%         3
 Tukima's Dance           Hex            0%         N/A       99%         3
 Passage of Golubria      Tloc           0%         N/A       100%        4
 Sticky Flame             Conj/Fire      0%         2d3       100%        4
 Blade Hands              Tmut           0%         N/A       100%        5
 Freezing Cloud           Conj/Ice/Air   0%         6-21      100%        5
 Metabolic Englaciation   Hex/Ice        0%         N/A       100%        5
 Yara's Violent Unravell  Hex/Tmut       0%         3d3       100%        5
 Simulacrum               Ice/Necr       0%         N/A       100%        6
 Enfeeble                 Hex            0%         N/A       100%        7
 Ozocubu's Refrigeration  Ice            0%         4d7       100%        7
 Ignition                 Fire           0%         3d3       100%        8


Dungeon Overview and Level Annotations

Branches:
Dungeon (15/15)            Temple (1/1) D:5            Lair (5/5) D:9
  Swamp (0/4) Lair:2        Snake (4/4) Lair:2        Slime (0/5) Lair:5
    Orc (2/2) D:12            Elf (0/3) Orc:2        Vaults (0/5) D:13
 Depths (0/4) D:15          Sewer (visited)         Ossuary (visited)
Volcano (visited)

Altars:
Ashenzari
Elyvilon
Fedhas
Gozag
Hepliaklqana
Ru
Sif Muna
Trog
Uskayaw
Vehumet
Xom
Yredelemnul
Zin
The Shining One
Jiyva

Shops:
D:2 *   D:7 *   D:15 (   Orc:1 !   Orc:2 [(?(   Snake:1 ::=:   Snake:2 (:

Annotations:
Lair:2 3 runed translucent doors, exclusion: 3 doors, bungle's ghost, journeyman MiBe
Lair:4 2 transporters, Juirae's ghost, journeyman TrMo
Snake:2 Razfen's ghost, adept GnWn


Innate Abilities, Weirdness & Mutations

You are too large for most types of armour.
You have tough skin. (AC +1)


Message History

The naga mage spits poison at you.
The splash of poison hits you but does no damage.
You are poisoned.
You block the naga's attack. The naga constricts you.
The naga's grasp on you weakens, but your attempt to escape fails.
You feel sick.
A naga sharpshooter comes into view. It is wielding a +0 halberd.
The naga spits poison at you.
The splash of poison hits you but does no damage.
You are more poisoned.
The naga constricts you.
The naga's grasp on you weakens, but your attempt to escape fails.
You feel sick. The naga barely misses you. The naga constricts you.
You escape the naga's grasp.
You feel sick. You block the naga warrior's attack. x2
A naga sharpshooter comes into view. It is wielding a +0 battleaxe.
Items here: ( ))) [ †.
You bludgeon the naga!! You burn the naga.
You kill the naga!
You feel sick. You block the naga mage's attack. The naga mage grabs you.
The naga mage constricts you.
The naga warrior hits you with a +0 scimitar!
The naga sharpshooter unwields a +0 halberd.
The naga sharpshooter wields a +0 longbow.
The naga sharpshooter casts a spell.
The naga sharpshooter magically shoots an arrow.
The arrow hits you!!
A naga comes into view. It is wielding a +0 dire flail.
You escape the naga mage's grasp.
You feel sick. The naga mage spits poison at you.
You block the splash of poison.
The naga sharpshooter shoots an arrow.
The arrow hits you!
You hear a shout!
There is a stone staircase leading up, spattered with blood here.
You feel sick.
The naga sharpshooter no longer looks unusually toxic.
The naga mage hits you with a +0 club! You block the naga mage's attack.
The naga sharpshooter unwields a +0 battleaxe.
The naga sharpshooter wields a +0 shortbow.
The naga sharpshooter shoots an arrow.
The arrow hits you! The naga warrior spits poison at you.
You block the splash of poison. The naga mage hits you with a +0 club.
The naga mage grabs you.
You stop ascending the stairs.
The naga mage constricts you.
The naga sharpshooter shoots an arrow.
The arrow hits you.
Unknown command.
The naga mage's grasp on you weakens, but your attempt to escape fails.
You feel sick.
The naga shouts!
The naga mage hits you with a +0 club. The naga mage constricts you.
The naga sharpshooter shoots an arrow.
You block the arrow. You block the naga warrior's attack.
The naga sharpshooter casts a spell.
The naga sharpshooter magically shoots an arrow.
The arrow hits you!!
Unknown command.
You escape the naga mage's grasp.
You feel sick. The naga mage spits poison at you.
The splash of poison hits you but does no damage.
You are more poisoned.
The naga sharpshooter shoots an arrow.
The arrow hits you.
The naga warrior hits you with a +0 scimitar.
* * * LOW HITPOINT WARNING * * *
The naga warrior grabs you.
You stop ascending the stairs.
The naga warrior constricts you.
* * * LOW HITPOINT WARNING * * *
The naga sharpshooter shoots an arrow.
You block the arrow.
Unknown command.
You escape the naga warrior's grasp.
You feel sick.
The naga mage gestures at you while chanting.
The bolt of poison hits you!
You are more poisoned.
* * * LOW HITPOINT WARNING * * *
The naga sharpshooter spits poison at you.
The splash of poison misses you. You block the naga mage's attack. x2
The naga sharpshooter mumbles some strange words.
The naga sharpshooter magically shoots an arrow.
You block the arrow.
You climb upwards.
You feel very sick.
There is a stone staircase leading down, spattered with blood here.
Unknown command.
You sock the naga mage! You burn the naga mage.
The naga mage is moderately wounded.
You feel very sick.
The naga warrior hits you with a +0 scimitar!
* * * LOW HITPOINT WARNING * * *
The naga warrior grabs you. The naga warrior constricts you.
* * * LOW HITPOINT WARNING * * *
You block the naga mage's attack.
Unknown command.
Blink to where?
Press: ? - help, Dir - move target The naga warrior's grasp on you weakens, but your attempt to escape fails.
As you read the scroll of blinking, it crumbles to dust.
You feel sick. The naga mage casts a spell at you.
The bolt of poison hits you!!
You are more poisoned.
You die...

#.........................
#........................#
#........................#
#######.......############
#######.......############
#........................#
#........................#
#........N)..............#
#........@†..............#
#.......N................#
#......##.....############
#......###....############
#.......##....##..........
#.......##....##.........<
#.......##....##..........
#.......##....##..........
##########################


You could see a naga warrior and a naga mage (fast).

Vanquished Creatures
  Rupert (D:12)
  Kirke (Snake:3)
  Louise (D:15)
  The ghost of SnakkuSnakku7 the Skirmisher, a journeyman OgDe of Kikubaaqudgha (D:11)
  13 hydras
  Erica (D:11)
  3 catoblepae
  8 centaur warriors
  A death knight (D:14)
  2 anacondas
  3 boulder beetles
  4 naga warriors
  4 orc high priests (Orc:2)
  10 death yaks
  4 two-headed ogres
  Urug (Lair:5)
  10 naga sharpshooters
  3 shock serpents
  Nergalle (D:11)
  2 skysharks
  A sea snake (Snake:2)
  A wizard (D:15)
  3 naga ritualists (Snake:2)
  Pikel (D:4)
  A wolf spider zombie (D:15)
  A lindwurm (Lair:3)
  2 necromancers
  9 mana vipers
  A deep elf zephyrmancer (D:15)
  10 ugly things
  7 deep elf pyromancers
  3 manticores
  An orc sorcerer (Orc:2)
  9 elephants
  4 salamanders
  A will-o-the-wisp (Lair:2)
  Maurice (D:10)
  2 centaur zombies (D:15)
  4 cyclopes
  27 black mambas
  14 cane toads
  12 naga magi
  A gargoyle (D:14)
  A torpor snail (Lair:5)
  A kobold demonologist (D:11)
  2 rime drakes
  11 komodo dragons
  3 tengu conjurers
  A queen bee (D:15)
  A merfolk (Snake:2)
  4 hornets
  9 trolls
  A polar bear (shapeshifter) (D:13)
  3 meliai
  18 blink frogs
  Prince Ribbit (D:6)
  5 polar bears
  6 slime creatures (D:12)
  A dream sheep (Lair:5)
  The ghost of qeuew the Covered, an amateur GrFi of Nemelex Xobeh (D:4)
  A jumping spider (Snake:3)
  11 spriggans (Lair:5)
  A jumping spider (shapeshifter) (D:15)
  A centaur simulacrum (D:15)
  A vampire (D:11)
  Sigmund (D:3)
  31 yaks
  Eustachio (D:5)
  3 shadows
  5 wraiths
  2 wyverns
  2 hogs (Snake:3)
  4 basilisks
  Grum (Lair:1)
  A steam dragon (Lair:3)
  15 vampire mosquitoes
  26 nagas
  9 water moccasins
  23 orc warriors
  A sky beast (D:7)
  5 ogres
  A black bear (Lair:5)
  7 boggarts
  An ice beast (D:5)
  21 wolves
  A phantom (D:5)
  17 centaurs
  A lemure (D:4)
  3 elf zombies
  2 gnoll sergeants
  4 kobold brigands
  2 scorpions (D:6)
  12 bullfrogs
  2 elf skeletons (D:8)
  13 wights
  19 killer bees
  5 electric eels
  6 howler monkeys
  4 human zombies
  4 hounds
  2 jellies (D:7)
  A gnoll bouda (D:7)
  27 orc priests
  An iguana (D:6)
  A human skeleton (D:8)
  Terence (D:2)
  2 sleepcaps
  36 orc wizards
  A hell rat (Lair:5)
  A hound zombie (Ossuary)
  4 mummies (Ossuary)
  Robin (D:4)
  23 gnolls
  10 adders
  3 shadow imps
  3 white imps
  An ufetubus (D:5)
  An adder zombie (Ossuary)
  7 worms
  7 dart slugs
  73 orcs
  8 endoplasms
  6 giant cockroaches
  11 goblins
  11 hobgoblins
  5 jackals
  2 quokkas
  2 ball pythons (D:4)
  5 bats
  4 frilled lizards
  3 gnoll zombies (Ossuary)
  A hobgoblin zombie (Ossuary)
  26 kobolds
  9 rats
  2 rat zombies (Ossuary)
830 creatures vanquished.

Vanquished Creatures (collateral kills)
  Jorgrun (Orc:2)
  Aizul (Snake:3)
  An anaconda (Snake:2)
  A shock serpent (Snake:3)
  2 mana vipers
  A salamander (Snake:2)
  A naga mage (Snake:2)
  2 nagas
10 creatures vanquished.

Vanquished Creatures (others)
  A guardian serpent (Snake:2)
  A black mamba (Snake:2)
  2 humans (Snake:4)
  A naga (Snake:1)
  An adder (D:4)
  An orc (Orc:2)
  An endoplasm (D:4)
  A hobgoblin (D:4)
  A quokka (D:4)
  2 kobolds (D:4)
  6 foxfires (Lair:2)
18 creatures vanquished.

Grand Total: 858 creatures vanquished

Notes
Turn   | Place    | Note
-------+----------+-------------------------------------------
     0 | D:5      | browni3141 the Ogre Delver began the quest for the Orb.
     0 | D:5      | Reached XP level 1. HP: 24/24 MP: 1/1
    69 | D:5      | Reached XP level 2. HP: 17/32 MP: 2/2
   329 | D:4      | Noticed Robin
   338 | D:5      | Reached XP level 3. HP: 37/40 MP: 3/3
   452 | D:4      | Killed Robin
   453 | D:4      | Reached skill level 3 in Maces & Flails
   546 | D:4      | Found a glowing drain.
   589 | D:4      | Reached XP level 4. HP: 29/49 MP: 4/4
   691 | Sewer    | Entered a sewer
   950 | Sewer    | Noticed Pargi
  1201 | D:4      | Noticed a kobold brigand
  1230 | D:2      | Found Hofett's General Store.
  1271 | D:2      | Bought a scroll of identify for 26 gold pieces
  1271 | D:2      | Bought a scroll of identify for 26 gold pieces
  1464 | D:3      | Found a faded altar of an unknown god.
  1465 | D:3      | Noticed Sigmund
  1487 | D:2      | Noticed Terence
  2053 | D:1      | Reached XP level 5. HP: 55/57 MP: 5/5
  3553 | D:2      | Killed Terence
  3649 | D:3      | Killed Sigmund
  3650 | D:3      | Reached skill level 6 in Fighting
  3650 | D:3      | Reached XP level 6. HP: 50/68 MP: 6/6
  4478 | D:3      | Reached XP level 7. HP: 76/76 MP: 7/7
  4682 | D:4      | Found a shimmering altar of Xom.
  5104 | D:4      | Found a shimmering blue altar of Sif Muna.
  5107 | D:4      | Found a glowing silver altar of Zin.
  5111 | D:4      | Found a sacrificial altar of Ru.
  5113 | D:4      | Found a hide-covered altar of Uskayaw.
  5114 | D:4      | Found a blossoming altar of Fedhas.
  5304 | D:4      | Noticed Pikel
  5325 | D:4      | Killed Pikel
  5326 | D:4      | Reached XP level 8. HP: 37/88 MP: 8/8
  5907 | D:4      | Found a runed translucent door.
  5910 | D:4      | Noticed qeuew's ghost (amateur GrFi)
  6020 | D:4      | Killed qeuew's ghost
  6387 | D:5      | Noticed Eustachio
  6400 | D:5      | Killed Eustachio
  6414 | D:5      | Reached skill level 9 in Fighting
  6736 | D:5      | Found a staircase to the Ecumenical Temple.
  6972 | Temple   | Entered the Ecumenical Temple
  6985 | Temple   | Became a worshipper of the Shining One
  7028 | D:5      | Reached XP level 9. HP: 98/98 MP: 9/9
  7563 | D:6      | Reached skill level 9 in Maces & Flails
  7836 | D:6      | Noticed Prince Ribbit
  7846 | D:6      | Killed Prince Ribbit
  9299 | D:7      | Reached * piety under the Shining One
  9670 | D:7      | Found Sorchys's Gadget Gallery.
 10009 | D:7      | Reached XP level 10. HP: 62/113 MP: 10/10
 10470 | D:8      | Reached ** piety under the Shining One
 10501 | D:8      | Found a sand-covered staircase.
 10519 | Ossuary  | Entered an ossuary
 10550 | Ossuary  | Reached skill level 3 in Invocations
 10561 | Ossuary  | Reached *** piety under the Shining One
 11276 | D:8      | Reached skill level 12 in Fighting
 11900 | D:9      | Found a staircase to the Lair.
 11900 | D:9      | Noticed an elephant
 11917 | D:9      | Reached XP level 11. HP: 111/124 MP: 14/14
 11935 | D:9      | Reached skill level 12 in Maces & Flails
 12022 | D:9      | Reached skill level 6 in Invocations
 12032 | D:9      | Reached **** piety under the Shining One
 12226 | D:10     | Entered Level 10 of the Dungeon
 12608 | D:10     | Identified the +11 dagger of Slow Death {antimagic, Int+8}
 12855 | D:10     | Noticed Maurice
 12875 | D:10     | Killed Maurice
 13081 | D:10     | Noticed a two-headed ogre
 13093 | D:10     | Killed a two-headed ogre
 13714 | D:11     | Noticed Erica
 13762 | D:11     | Reached skill level 9 in Invocations
 13787 | D:11     | Killed Erica
 14042 | D:11     | Found a runed translucent door.
 14042 | D:11     | Noticed SnakkuSnakku7's ghost (journeyman OgDe)
 14121 | D:11     | Reached XP level 12. HP: 119/139 MP: 19/19
 14256 | D:11     | Noticed Nergalle
 14285 | D:11     | Killed Nergalle
 14508 | D:11     | Killed SnakkuSnakku7's ghost
 14585 | D:12     | Noticed Rupert
 14593 | D:12     | Paralysed by Rupert for 3 turns
 14727 | Lair:1   | Entered Level 1 of the Lair of Beasts
 14764 | Lair:1   | Noticed Grum
 14781 | Lair:1   | Killed Grum
 15199 | Lair:1   | Found a hazy altar of Hepliaklqana.
 15933 | Lair:2   | Reached skill level 15 in Fighting
 16114 | Lair:2   | Noticed a death yak
 16118 | Lair:2   | Noticed a death yak
 16124 | Lair:2   | Reached skill level 12 in Invocations
 16126 | Lair:2   | Noticed a death yak
 16221 | Lair:2   | Killed a death yak
 16237 | Lair:2   | Killed a death yak
 16311 | Lair:2   | Found a staircase to the Swamp.
 16770 | Lair:2   | Noticed a death yak
 16773 | Lair:2   | Noticed a death yak
 16774 | Lair:2   | Noticed a death yak
 16793 | Lair:2   | Killed a death yak
 16801 | Lair:2   | Killed a death yak
 16802 | Lair:2   | Reached XP level 13. HP: 87/152 MP: 23/23
 17005 | Lair:2   | Found a runed translucent gate.
 17006 | Lair:2   | Found a runed translucent gate.
 17006 | Lair:2   | Noticed bungle's ghost (journeyman MiBe)
 17007 | Lair:2   | Found a staircase to the Snake Pit.
 17007 | Lair:2   | Found a runed translucent gate.
 18576 | Lair:4   | Found a transporter.
 18579 | Lair:4   | Noticed Juirae's ghost (journeyman TrMo)
 18686 | Lair:4   | HP: 5/158 [yak (12)]
 18782 | Lair:3   | Reached skill level 15 in Invocations
 18913 | Lair:4   | Reached skill level 18 in Fighting
 19181 | Lair:4   | Found a transporter.
 19214 | Lair:4   | Reached XP level 14. HP: 133/169 MP: 25/25
 19287 | Lair:4   | Found a glowing silver altar of Zin.
 19867 | Lair:5   | Entered Level 5 of the Lair of Beasts
 20132 | Lair:5   | Found a dark tunnel.
 20203 | Lair:5   | Noticed Urug
 20240 | Lair:5   | Killed Urug
 20334 | Volcano  | Entered a volcano
 20885 | Lair:5   | Found a viscous altar of Jiyva.
 20885 | Lair:5   | Found a staircase to the Slime Pits.
 22004 | Lair:5   | Reached skill level 3 in Throwing
 22438 | D:12     | Found a staircase to the Orcish Mines.
 22469 | Orc:1    | Entered Level 1 of the Orcish Mines
 22553 | Orc:2    | Entered Level 2 of the Orcish Mines
 23309 | Orc:2    | HP: 1/172 [sixfirhy[an orc sorcerer] (12)]
 23475 | Orc:2    | Found Fenoni's Weapon Shop.
 23475 | Orc:2    | Found Jymogax's Weapon Boutique.
 23481 | Orc:2    | Found Wipritoz's Antique Armour Boutique.
 23483 | Orc:2    | Found Fogruong's Magic Scroll Shop.
 23506 | Orc:2    | Reached XP level 15. HP: 174/180 MP: 27/27
 23526 | Orc:2    | HP: 9/180 [sun demon[an orc high priest] (15)]
 23764 | Orc:2    | Found a staircase to the Elven Halls.
 23821 | Orc:2    | Bought a throwing net for 39 gold pieces
 23823 | Orc:2    | Bought a scroll of magic mapping for 112 gold pieces
 23823 | Orc:2    | Bought a scroll of fear for 60 gold pieces
 23823 | Orc:2    | Bought a scroll of magic mapping for 112 gold pieces
 23823 | Orc:2    | Bought a scroll of vulnerability for 60 gold pieces
 23823 | Orc:2    | Bought a scroll of blinking for 112 gold pieces
 23823 | Orc:2    | Bought a scroll of summoning for 142 gold pieces
 23823 | Orc:2    | Bought a scroll of poison for 60 gold pieces
 23823 | Orc:2    | Bought a scroll of teleportation for 45 gold pieces
 23987 | Orc:2    | Found a shimmering blue altar of Sif Muna.
 24217 | Orc:1    | Found Ulakkywk's Distillery.
 24223 | Orc:1    | Bought a potion of magic for 120 gold pieces
 24223 | Orc:1    | Bought a potion of resistance for 150 gold pieces
 24223 | Orc:1    | Bought a potion of heal wounds for 75 gold pieces
 24223 | Orc:1    | Bought a potion of curing for 45 gold pieces
 24223 | Orc:1    | Bought a potion of magic for 120 gold pieces
 24223 | Orc:1    | Bought a potion of mutation for 120 gold pieces
 24223 | Orc:1    | Bought a potion of mutation for 120 gold pieces
 24359 | Orc:1    | Reached ***** piety under the Shining One
 24373 | Orc:1    | Noticed Jorgrun
 24377 | Orc:2    | HP: 8/180 [orc warrior/+0 dire flail (17)]
 24601 | Orc:2    | Killed Jorgrun
 24870 | Orc:1    | You are sucked into a shaft and drop 1 floor!
 25389 | D:12     | Killed Rupert
 26061 | D:12     | Found a bloodstained altar of Trog.
 26238 | D:13     | Reached skill level 18 in Invocations
 26974 | D:13     | Found a gate to the Vaults.
 28084 | D:14     | Reached skill level 6 in Throwing
 29137 | D:15     | Entered Level 15 of the Dungeon
 29375 | D:15     | Noticed Louise
 29404 | D:15     | Killed Louise
 29405 | D:15     | Reached XP level 16. HP: 143/193 MP: 29/29
 29655 | D:15     | Found Suwudyutis's Antique Weapon Emporium.
 30131 | D:15     | Found a staircase to the Depths.
 30387 | Snake:1  | Entered Level 1 of the Snake Pit
 30791 | Snake:1  | Reached skill level 3 in Shields
 30968 | Snake:1  | Found Yhuch's Tiny Tomes.
 32096 | Snake:1  | Found Ani Nest's Book Shop.
 32097 | Snake:1  | Found Goity's Jewellery Emporium.
 32098 | Snake:1  | Found Tufrassielo's Book Shop.
 32603 | Snake:2  | Found a runed translucent door.
 32763 | Snake:2  | HP: 7/193 [shock serpent/bolt of electricity (17)]
 32900 | Snake:2  | Noticed Razfen's ghost (adept GnWn)
 33010 | Snake:2  | Found Diah's Book Shoppe.
 33010 | Snake:2  | Found Yzuq's Weapon Emporium.
 34128 | Snake:3  | Noticed Aizul
 34135 | Snake:3  | Killed Aizul
 35270 | Snake:4  | Entered Level 4 of the Snake Pit
 35366 | Snake:4  | Noticed Kirke
 35398 | Snake:3  | Killed Kirke
 35399 | Snake:3  | Reached XP level 17. HP: 173/201 MP: 31/31
 35772 | Snake:4  | Reached skill level 6 in Shields
 35899 | Snake:3  | Killed from afar by a naga mage

Illustrated notes

Levels and vault maps discovered:
D:1:      lemuel_arrival_behind_the_door_large, layout_loops_corners
D:2:      minmay_angry_zag, layout_basic, serial_shops, shop,
          kennysheep_minor_cross, minivault_25, uniq_terence
D:3:      layout_basic, nicolae_ecumenical_pavilion, uniq_sigmund
D:4:      layout_loops_corners, minitemple, xom_confusion_cloud,
          ebering_ghost_reflecting_pool, gup_sewer_entry_glass, uniq_pikel,
          uniq_robin
D:5:      layout_loops_ring, minmay_temple_entry_large_hall, uniq_eustachio
D:6:      layout_loops_ring, minmay_liquid_box, uniq_prince_ribbit1
D:7:      layout_gridville, minivault_19, st_stairs_11, nicolae_shop_gadgets
D:8:      layout_basic, nicolae_ossuary_entry_catacombs, roderic_lattice_a,
          hangedman_abyss_or_decor_stabs
D:9:      layout_roguey, david_lair_generic, grunt_ministairs_9,
          minmay_quadrilaterals
D:10:     layout_long_grid, uniq_maurice
D:11:     layout_irregular_city, hellmonk_ghost_happy_afterlife, uniq_nergalle,
          uniq_erica
D:12:     layout_long_grid, orc_0_dummy, minivault_10, tgw_trog, uniq_rupert
D:13:     layout_roguey, david_vaults_1, bh_walls_and_bars
D:14:     layout_basic, grunt_decor_mini_mirrors
D:15:     grunt_enter_depths_magical_seal, layout_cave_pools,
          hangedman_decor_opposing, serial_shops, shop,
          nicolae_looking_at_the_future, uniq_louise
Temple:   nicolae_temple_bog_church
Lair:1:   layout_chaotic_city, basic_altar, chequers_serial_rivers_large_b,
          serial_bayou_lagoon_b, uniq_grum
Lair:2:   layout_roguey, minmay_swamp_entry_wisps, dummy_snake_entry,
          gammafunk_ghost_hydra_chop, infiniplex_staircase_pool_2,
          grunt_megastairs_2
Lair:3:   layout_loops_ring
Lair:4:   layout_gridlike, basic_altar, portal_ice_cave_entry_pillars_2,
          gammafunk_ghost_berserking_beasts, lemuel_fruit_tree,
          grunt_megastairs_3, infiniplex_staircase_pool
Lair:5:   minmay_lair_end_enchanted_forest, layout_long_grid, slime_entry_1,
          nicolae_volcano_entry_two_sided, uniq_urug
Snake:1:  layout_layer_cave, nicolae_snake_squiggles,
          nicolae_snake_gridmaze_swirls, nicolae_shop_i_like_small_books_too,
          minmay_shop_grove
Snake:2:  layout_basic, ebering_ghost_reflecting_pool, grunt_ministairs_13,
          nicolae_snake_linked_coils, guppyfry_snake_island, minmay_shoptagon,
          serial_bayou_shore_b
Snake:3:  layout_grid_maze, drop_trap, uniq_aizul
Snake:4:  johnstein_snake_rune_scales, layout_misc_corridors, drop_trap,
          uniq_bai_suzhen, uniq_kirke
Orc:1:    layout_diamond_mine, serial_shops, nicolae_shop_pleasant_corner_grove,
          basic_altar, uniq_jorgrun
Orc:2:    st_orc_mages, layout_diamond_mine, kennysheep_orc_sif_temple

Skill      XL: |  1  2  3  4  5  6  7  8  9 10 11 12 13 14 15 16 17 |
---------------+----------------------------------------------------+-----
Maces & Flails | 2 3 5 7 8 10 11 12 13 14 | 14.0
Fighting       | 5 6 7 9 11 12 14 15 18 19 20 | 20.2
Invocations    | 5 10 13 15 17 18 20 | 20.4
Throwing       | 3 6 8 |  8.3
Shields        | 5 6 |  6.2
Dodging        | |  1.7
Stealth        | |  3.7

Action                     |  1- 3 |  4- 6 |  7- 9 | 10-12 | 13-15 | 16-18 || total
---------------------------+-------+-------+-------+-------+-------+-------++-------
  Melee: Mace              |    10 |       |   211 |   127 |       |       ||   348
         Whip              |    74 |    54 |       |   361 |  1590 |   463 ||  2542
         Short sword       |       |   210 |    69 |       |       |       ||   279
         Flail             |       |       |   133 |   414 |     1 |       ||   548
         Punch             |       |       |     4 |    18 |    30 |       ||    52
         Great mace        |       |       |       |       |    86 |       ||    86
         Morningstar       |       |       |       |       |       |   148 ||   148
  Throw: Dart              |       |     9 |     8 |    19 |   110 |     2 ||   148
         Javelin           |       |       |       |       |    63 |    11 ||    74
         Boomerang         |       |       |       |       |     2 |       ||     2
         Large rock        |       |       |       |       |    12 |    89 ||   101
 Invoke: Divine Shield     |       |       |       |     3 |    11 |     1 ||    15
         Cleansing Flame   |       |       |       |     4 |    23 |     6 ||    33
         Summon Divine War |       |       |       |       |       |     2 ||     2
  Evoke: Wand              |       |     1 |     5 |    10 |    38 |    16 ||    70
    Use: Scroll            |       |     5 |       |       |    22 |    16 ||    43
         Potion            |       |     1 |       |       |     8 |     4 ||    13
   Stab: Sleeping          |     1 |    14 |     4 |       |       |       ||    19
 Armour: Robe              |    18 |    79 |   178 |   319 |   399 |       ||   993
         Troll leather arm |       |       |       |       |   119 |   201 ||   320
  Dodge: Dodged            |    53 |   130 |   219 |   348 |   539 |   158 ||  1447
  Block: Other             |       |       |       |    17 |   108 |       ||   125
         Tower shield      |       |       |       |       |       |   408 ||   408
